 Dungeon Crawl Stone Soup version 0.30.1-11-g7821555f0a (webtiles) character file.

Game seed: 1795352373135958972

185 jagang the Slasher (level 5, -1/44 HPs)
             Began as a Barachi Monk on Nov 14, 2023.
             Slain by an orc priest
             ... wielding a +4 mace
              (4 damage)
             ... on level 3 of the Dungeon.
             The game lasted 00:04:24 (2211 turns).

jagang the Slasher (Barachi Monk)                   Turns: 2211, Time: 00:04:25

Health: -1/44      AC:  6    Str: 12    XL:     5   Next: 64%
Magic:  5/5        EV: 11    Int: 10    God:
Gold:   194        SH:  0    Dex: 17    Spells: 4/4 levels left

rFire   . . .        a - +0 falchion
rCold   . . .        d - orb {light}
rNeg    . . .        j - +0 ring mail
rPois   .            (no helmet)
rElec   .            (no cloak)
rCorr   .            g - +0 pair of gloves
SInv    .            (no boots)
Will    .....        (no amulet)
Stlth   +            (no ring)
HPRegen 0.27/turn    (no ring)
MPRegen 0.09/turn

%: no passive effects
@: glowing, slow
A: amphibious, slowness 1, strong legs 1, +LOS
a: Hop


You were on level 3 of the Dungeon.
You visited 1 branch of the dungeon, and saw 3 of its levels.

You collected 194 gold pieces.

Inventory:

Hand Weapons
 a - a +0 falchion (weapon)
Armour
 d - an orb of light (worn)
 g - a +0 pair of gloves (worn)
 j - a +0 ring mail (worn)
Scrolls
 b - 3 scrolls of teleportation {unknown}
 i - a scroll of enchant weapon {unknown}
 k - a scroll of enchant armour {unknown}
Potions
 c - a potion of ambrosia
 e - 3 potions of curing {unknown}
 f - a potion of heal wounds {unknown}
 h - 2 potions of brilliance {unknown}


   Skills:
 + Level 5.1 Fighting
 + Level 5.1 Long Blades
 + Level 3.4 Armour
 - Level 3.2 Dodging


You had 4 spell levels left.
You didn't know any spells.
Your spell library contained the following spells:

 Spells                   Type           Power      Damage    Failure   Level
 Stone Arrow              Conj/Erth      0%         3d7       94%         3
 Animate Armour           Summ/Erth      0%         N/A       100%        4
 Lehudib's Crystal Spear  Conj/Erth      0%         10d2      100%        8


Dungeon Overview and Level Annotations

Branches:
Dungeon (3/15)

Altars:

Annotations:
D:3 1 runed translucent door, shade12474890's ghost, weakling GnRe


Innate Abilities, Weirdness & Mutations

You are amphibious.
You cover ground slowly.
You can hop short distances.
You have an extended range of vision and can be seen from far away.


Message History

The orc priest calls upon Beogh to heal the orc.
The orc's wounds heal themselves!
You hit the orc but do no damage. The orc hits you with a +0 dagger.
You hit the orc but do no damage. The orc hits you with a +0 dagger.
You hit the orc.
The orc is lightly wounded.
The orc hits you but does no damage.
You hit the orc.
The orc is heavily wounded.
The orc barely misses you.
The orc priest calls upon Beogh to heal the orc.
The orc's wounds heal themselves!
The orc priest miscasts a cantrip.
You hit the orc.
The orc is heavily wounded.
The orc closely misses you.
The orc priest calls upon Beogh to heal the orc.
The orc's wounds heal themselves!
You barely miss the orc. The orc barely misses you.
You hit the orc.
The orc is lightly wounded.
The orc closely misses you.
You hit the orc but do no damage.
The orc is lightly wounded.
The orc barely misses you.
You hit the orc.
The orc is heavily wounded.
The orc barely misses you.
You hit the orc.
You kill the orc!
You barely miss the orc priest.
The orc priest invokes the aid of Beogh against you.
Pain shoots through your body!
The orc priest invokes the aid of Beogh against you.
Beogh smites you!
* * * LOW HITPOINT WARNING * * *
You hit the orc priest.
The orc priest is moderately wounded.
The orc priest hits you with a +4 mace.
You die...

....#.##.....#.#
....#.##.###.#.#
.........###.#.#
....#.##.##....##
....#.##.#..#.#.###
#.##...#...#.###..# ###
.........#..#.#.###$$$##
#.##...####.....##.8.8$#
#####.## ##.##.@oo.$._#
#.# #.#####o8.8$# #..
..# ..$## #### ###


You could see 3 orc priests.

Vanquished Creatures
  An ice beast (D:3)
  A gnoll (D:1)
  3 adders
  A worm (D:2)
  A dart slug (D:1)
  2 orcs (D:3)
  6 ball pythons
  5 endoplasms
  2 giant cockroaches (D:1)
  10 goblins
  2 hobgoblins (D:1)
  2 jackals (D:1)
  4 kobolds
  A quokka (D:2)
  A bat (D:2)
  3 frilled lizards
  6 rats
51 creatures vanquished.

Notes
Turn   | Place    | Note
-------+----------+-------------------------------------------
     0 | D:1      | jagang the Barachi Monk began the quest for the Orb.
     0 | D:1      | Reached XP level 1. HP: 18/18 MP: 1/1
     6 | D:1      | Noticed a lindwurm
     6 | D:1      | Noticed a wyvern
     6 | D:1      | Noticed a black mamba
     7 | D:1      | Noticed a snapping turtle
    77 | D:1      | Reached skill level 1 in Armour
    77 | D:1      | Reached XP level 2. HP: 23/25 MP: 2/2
   434 | D:1      | Reached XP level 3. HP: 26/30 MP: 3/3
  1331 | D:2      | Reached XP level 4. HP: 13/38 MP: 4/4
  1970 | D:3      | Noticed an ice beast
  1985 | D:3      | Killed an ice beast
  1986 | D:3      | Reached skill level 5 in Fighting
  1986 | D:3      | Reached skill level 5 in Long Blades
  1986 | D:3      | Reached XP level 5. HP: 36/44 MP: 5/5
  2146 | D:3      | Found a runed translucent door.
  2150 | D:3      | Noticed shade12474890's ghost (weakling GnRe)
  2210 | D:3      | HP: 2/44 [orc priest/divine providence (13)]
  2211 | D:3      | Slain by an orc priest

Illustrated notes

Levels and vault maps discovered:
D:1:      onia_arrival_zoo_common, layout_basic
D:2:      layout_basic
D:3:      layout_loops_ring, ebering_ghost_sewer_d, kennysheep_orc_chapel

Skill      XL: |  1  2  3  4 |
---------------+-------------+-----
Armour         | 1 2 3 |  3.4
Fighting       | 4 5 |  5.1
Long Blades    | 4 5 |  5.1
Dodging        | |  3.2

Action                     |  1- 3 |  4- 6 || total
---------------------------+-------+-------++-------
  Melee: Falchion          |    76 |    62 ||   138
 Armour: Robe              |     7 |       ||     7
         Leather armour    |     4 |       ||     4
         Ring mail         |       |    20 ||    20
  Dodge: Dodged            |    42 |    34 ||    76
